 Dungeon Crawl Stone Soup version 0.17-a0-1368-g6ab37f2 (webtiles) character file.

32 wvc the Poker (level 3, -2/29 HPs)
             Began as a Draconian Warper on June 12, 2015.
             Killed from afar by Natasha (4 damage)
             ... with a magic dart
             ... on level 2 of the Dungeon.
             The game lasted 00:02:01 (1339 turns).

wvc the Poker (Draconian Warper)                    Turns: 1339, Time: 00:02:02

Health: -2/29      AC:  5    Str: 13    XL:     3   Next: 10%
Magic:  6/6        EV: 11    Int: 14    God:
Gold:   99         SH:  3    Dex: 10    Spells: 1 memorised, 5 levels left

rFire  . . .     SeeInvis .     a - +0 spear
rCold  . . .     Clarity  .     (armour unavailable)
rNeg   + . .     SustAt   .     o - +0 buckler
rPois  .         Gourm    .     (helmet restricted)
rElec  .         Spirit   .     (no cloak)
rCorr  .         Warding  +     (no gloves)
rMut   .         Stasis   .     (no boots)
MR     .....                    p - amulet of warding
Stlth  +.........               (no ring)
                                (no ring)

@: slowed, very slow, not resistant to hostile enchantments, very unstealthy
A: unfitting armour, cold-blooded, AC +5
a: no special abilities


You were on level 2 of the Dungeon.
You were not hungry.

You visited 1 branch of the dungeon, and saw 2 of its levels.

You collected 99 gold pieces.

Inventory:

Hand weapons
 a - a +0 spear (weapon)
Missiles
 d - 4 tomahawks of dispersal
 j - 6 silver tomahawks (quivered)
Armour
 o - a +0 buckler (worn)
Jewellery
 p - an amulet of warding (around neck)
Scrolls
 c - a scroll of blinking
 f - 5 scrolls of identify {unknown}
 g - 2 scrolls of teleportation {unknown}
 h - a scroll of recharging {unknown}
Potions
 i - 2 potions of curing {unknown}
 l - a potion of lignification {unknown}
 m - a potion of haste {unknown}
Books
 b - a book of Spatial Translocations

   Spells                             Type                      Level
   a - Apportation                    Translocation                1
   b - Blink                          Translocation                2
   c - Shroud of Golubria             Charms/Translocation         2
   d - Portal Projectile              Translocation                3
   e - Teleport Other                 Translocation                3
   f - Passage of Golubria            Translocation                4
Comestibles
 e - a bread ration
 k - a beef jerky


   Skills:
 - Level 2.1 Fighting
 * Level 3.6 Polearms
 - Level 0.8 Throwing
 - Level 2.1 Dodging
 - Level 2.0 Spellcasting
 - Level 3.0 Translocations


You had 5 spell levels left.
You knew the following spells:

 Your Spells              Type           Power        Failure   Level  Hunger
a - Apportation           Tloc           #.........   12%         1    ##.....


Dungeon Overview and Level Annotations

Branches:
Dungeon (2/15)

Altars:

Annotations:
D:2 Natasha


Innate Abilities, Weirdness & Mutations

Your plain brown scales are hard (AC +5).
Your body does not fit into most forms of armour.
You are cold-blooded and may be slowed by cold attacks.


Message History

You are too injured to fight recklessly!
You are too injured to fight recklessly!
You are too injured to fight recklessly!
You are too injured to fight recklessly!
You hit Natasha.
Your tail-slap misses Natasha.
Natasha is heavily wounded.
Natasha casts a spell.
You hit Natasha.
Natasha is almost dead.
Natasha claws you.
* * * LOW HITPOINT WARNING * * *
The shadow imp barely misses you.
Natasha mumbles some strange words.
All of the chunks of flesh in your inventory have rotted away.
You barely miss Natasha.
Natasha is almost dead.
The crimson imp blinks!
The shadow imp's attack is warded away.
Natasha stares at you and mumbles some strange words.
The magic dart hits you!
You die...

###... #.# ......
#.# ##.... #..
#..... ### #...[.
#.."..###########
#..........# #...
#5########.# #...
#@# #.####(.. #h#
##.#...... #ยง#
###......... #5#
#...#.......
........#[..###...
#.########........
#.# ######..#.....
.[5...........##.#
#######...###.#


You could see an iron imp, Natasha, a crimson imp and a shadow imp.

Vanquished Creatures
  An adder (D:2)
  4 giant geckos (D:2)
  4 hobgoblins (D:1)
  2 bats (D:1)
  A giant newt (D:1)
  A goblin (D:1)
  3 kobolds
  5 rats (D:1)
21 creatures vanquished.

Notes
Turn   | Place    | Note
--------------------------------------------------------------
     0 | D:1      | wvc the Draconian Warper began the quest for the Orb.
     0 | D:1      | Reached XP level 1. HP: 17/17 MP: 3/3
   522 | D:1      | Reached XP level 2. HP: 24/24 MP: 5/5
  1089 | D:2      | Reached XP level 3. HP: 22/29 MP: 6/6
  1329 | D:2      | Noticed Natasha
  1339 | D:2      | Killed from afar by Natasha

Vault maps used:
D:1:      tarquinn_simple_flora_water_a, hangedman_decor_push
D:2:      nicolae_overflow_hidden_temple, ecumenical_altar_1, uniq_natasha

Action                   || total
-------------------------++-------
Melee: Spear             ||   116
Throw: Tomahawk          ||     1
 Stab: Sleeping          ||     1
  Eat: Chunk             ||     1
